 Dungeon Crawl Stone Soup version 0.31-a0-7-g51783674b7 (webtiles) character file.

Game seed: 6697375245520272357

6803 jlumianski the Cleaver (level 10, -5/76 HPs)
             Began as a Demonspawn Fighter on May 5, 2023.
             Was a Believer of Okawaru.
             Slain by a death yak (18 damage)
             ... on level 9 of the Dungeon.
             The game lasted 00:40:08 (7771 turns).

jlumianski the Cleaver (Demonspawn Fighter)         Turns: 7771, Time: 00:40:09

Health: -5/76      AC: 23    Str: 19    XL:     10   Next: 76%
Magic:  0/10       EV: 12    Int: 10    God:    Okawaru [**....]
Gold:   344        SH: 12    Dex: 20    Spells: 9/9 levels left

rFire   . . .        M - +6 war axe of War {protect, *Rage rC+ Will+++}
rCold   + . .        c - +0 buckler
rNeg    . . .        v - +0 plate armour
rPois   .            (helmet restricted)
rElec   .            (no cloak)
rCorr   .            A - +1 pair of gloves
SInv    .            F - +0 pair of boots
Will    +++..        k - amulet of guardian spirit Stlth
                     r - +5 ring of evasion
HPRegen 0.32/turn    E - +6 ring of dexterity
MPRegen 0.24/turn

%: random rage (20%), guardian spirit
@: under a protective aura, on berserk cooldown, slowed, very slow
A: antennae 2, large bone plates 2, foul stench 1, magic shield, magic
regeneration
a: Renounce Religion, Heroism


You were on level 9 of the Dungeon.
You worshipped Okawaru.
Okawaru was pleased with you.
You visited 2 branches of the dungeon, and saw 10 of its levels.

You collected 537 gold pieces.
You spent 193 gold pieces at shops.

Inventory:

Hand Weapons
 a - a +0 war axe
 q - a +2 hand axe of electrocution
 u - a +1 quick blade
 w - a +2 short sword of protection
 y - a +2 dagger of speed
 C - a +0 dagger of venom
 I - a +2 short sword of venom
 J - a +5 falchion of flaming
 M - the +6 war axe of War (weapon) {protect, *Rage rC+ Will+++}
   (You took it off a kobold on level 6 of the Dungeon)

   rC:        It protects you from cold.
   *Rage:     It berserks you when you make melee attacks (+20% chance).
   Will:      It greatly increases your willpower.
Missiles
 e - 55 stones
 j - 4 poisoned darts (quivered)
 l - 7 throwing nets
 x - 2 boomerangs
Armour
 b - a +0 scale mail
 c - a +0 buckler (worn)
 v - a +0 plate armour (worn)
 A - a +1 pair of gloves (worn)
 F - a +0 pair of boots (worn)
 Q - the +0 leather armour "Nepraukh" {rF++ Will+ MP+9 Str-5}
   (You found it on level 9 of the Dungeon)

   Str:       It affects your strength (-5).
   rF:        It greatly protects you from fire.
   MP:        It affects your magic capacity (+9).
   Will:      It increases your willpower.
Jewellery
 d - a ring of poison resistance
 k - an amulet of guardian spirit (around neck)
 p - a ring of ice
 r - a +5 ring of evasion (left hand)
 E - a +6 ring of dexterity (right hand)
 G - a ring of protection from fire
 L - a +5 ring of evasion
Wands
 t - a wand of flame (8)
 D - a wand of paralysis (9)
Scrolls
 f - 5 scrolls of teleportation
 m - a scroll of summoning
 o - 2 scrolls of magic mapping
 z - 2 scrolls of immolation
 B - 2 scrolls of fear
 O - 2 scrolls of amnesia
 P - a scroll of poison
Potions
 g - 2 potions of mutation
 h - a potion of cancellation
 i - 2 potions of brilliance
 n - 6 potions of curing
 s - a potion of lignification
 H - 2 potions of might
 K - a potion of heal wounds {unknown}
 N - a potion of degeneration


   Skills:
 + Level 5.7 Fighting
 - Level 6.1 Short Blades
 * Level 8.8 Axes
 + Level 0.5 Throwing
 + Level 5.8 Armour
 + Level 3.0 Dodging
 - Level 4.6 Stealth
 + Level 6.7 Shields
 + Level 0.3 Evocations


You had 9 spell levels left.
You didn't know any spells.
Your spell library contained the following spells:

 Spells                   Type           Power      Damage    Failure   Level
 Beastly Appendage        Tmut           0%         N/A       100%        1
 Ensorcelled Hibernation  Hex/Ice        0%         N/A       100%        2
 Scorch                   Fire           0%         2d5       100%        2
 Wereblood                Tmut           0%         N/A       100%        2
 Spider Form              Tmut/Pois      0%         N/A       100%        3
 Anguish                  Hex/Necr       0%         N/A       100%        4
 Flame Wave               Conj/Fire      0%         2d4       100%        4
 Summon Cactus Giant      Summ           Unusable   N/A       N/A         6

Dungeon Overview and Level Annotations

Branches:
Dungeon (9/15)             Temple (1/1) D:7            Lair (0/5) D:8
    Orc: D:9-12

Altars:
Cheibriados
Fedhas
Hepliaklqana
Kikubaaqudgha
Makhleb
Okawaru
Qazlal
Ru
Xom

Shops:
D:2 *   D:6 !

Annotations:
D:7 2 transporters, Jeffwins's ghost, novice HuWn


Innate Abilities, Weirdness & Mutations

You have a pair of antennae on your head.
You are mostly covered in large bone plates. (SH +6)
You may rarely emit foul miasma when damaged in melee.
When hurt, damage is shared between your health and your magic reserves.
You regenerate magic rapidly.


Message History

You hit the yak.
The yak is moderately wounded.
You barely miss the yak. The yak gores you. You block the yak's attack.
The yak gores you. You block the yak's attack.
You hit the yak but do no damage.
The yak is moderately wounded.
You slash the yak! The yak gores you! The yak gores you but does no damage.
You slash the yak!
The yak is heavily wounded.
You hit the yak.
You block the yak's attack. x2; The yak gores you.
You emit a cloud of foul miasma!
The yak misses you.
You slash the yak!
The yak is almost dead.
You hit the yak.
The yak is engulfed in dark miasma.
The yak is poisoned.
You kill the yak!
Okawaru accepts your kill. You block the yak's attack. x2
You block the yak's attack. The yak gores you. The yak barely misses you.
There is a stone staircase leading up here.
The yak gores you but does no damage. The yak misses you.
You climb upwards.
The death yak bellows! x5; You hear a bellow! x2
A death yak comes into view. x2
The death yak bellows!
Found a scroll of fog.
Found a staircase to the Lair.
There is a stone staircase leading down here.
The yak gores you! The yak barely misses you. The death yak gores you!!
* * * LOW HITPOINT WARNING * * *
You emit a cloud of foul miasma!
The yak misses you.
You climb downwards.
There is a stone staircase leading up here.
The death yak gores you!
* * * LOW HITPOINT WARNING * * *
You slash the death yak!
Your weapon exudes an aura of protection.
The death yak is lightly wounded.
The death yak gores you.
* * * LOW HITPOINT WARNING * * *
You feel better. The death yak gores you!!
You die...

#.............
#..###..##....
#.......# ....
##.###.## ...
#. #†.# .? #.
#.## #. #.#
#.##†####.#
#.@YY./...#
#.##.##.#...
#. #.# # #.
#.. #. #### ..
##


You could see a death yak and a yak.

Vanquished Creatures
  Harold (D:9)
  A cyclops (D:8)
  A gargoyle (D:6)
  An unseen horror (D:7)
  A hornet (D:7)
  Prince Ribbit (D:5)
  A wraith (D:6)
  14 yaks
  Eustachio (D:6)
  Edmund (D:4)
  A water moccasin (D:6)
  Duvessa (D:5)
  2 sky beasts (D:7)
  An orc warrior (D:7)
  2 ice beasts
  2 ogres
  2 centaurs
  A phantom (D:5)
  Blork the orc (D:6)
  A kobold brigand (D:6)
  A bullfrog (D:6)
  A scorpion (D:4)
  A wight (D:7)
  Dowan (D:6)
  4 howler monkeys
  The ghost of BlasphemerAmon the Sneak, a weakling VSDe (D:5)
  3 quasits (D:5)
  4 hounds
  6 jellies
  An orc priest (D:7)
  A gnoll bouda (D:6)
  4 iguanas
  A sleepcap (D:5)
  5 orc wizards
  6 gnolls
  8 adders
  A shadow imp (D:7)
  3 ufetubi
  2 worms
  3 dart slugs
  17 orcs
  6 endoplasms
  4 giant cockroaches
  7 goblins
  5 hobgoblins
  7 jackals (D:2)
  9 ball pythons
  5 bats
  4 frilled lizards
  6 kobolds
  5 rats
  A bush (D:6)
170 creatures vanquished.

Vanquished Creatures (others)
  A fungus (D:1)
  21 plants (D:6)
22 creatures vanquished.

Grand Total: 192 creatures vanquished

Notes
Turn   | Place    | Note
-------+----------+-------------------------------------------
     0 | D:1      | jlumianski the Demonspawn Fighter began the quest for the
                  | Orb.
     0 | D:1      | Reached XP level 1. HP: 18/18 MP: 1/1
   130 | D:3      | Noticed an ogre
   271 | D:2      | Reached skill level 2 in Axes
   271 | D:2      | Gained mutation: You may rarely emit foul miasma when
                  | damaged in melee. [demonic ancestry]
   271 | D:2      | Reached XP level 2. HP: 24/24 MP: 2/2
   304 | D:2      | Found Avifop's Assorted Antiques.
   679 | D:1      | Gained mutation: You are partially covered in large bone
                  | plates. (SH +4) [demonic ancestry]
   679 | D:1      | Reached XP level 3. HP: 8/29 MP: 3/3
   959 | D:2      | Found a faded altar of an unknown god.
  1068 | D:2      | Gained mutation: You regenerate magic rapidly. [demonic
                  | ancestry]
  1068 | D:2      | Reached XP level 4. HP: 27/35 MP: 4/4
  1124 | D:2      | Bought an amethyst potion for 21 gold pieces
  1124 | D:2      | Bought a silver wand for 96 gold pieces
  1124 | D:2      | Bought a scroll labelled MUESCH INGASAU for 24 gold pieces
  1752 | D:3      | Killed an ogre
  1753 | D:3      | Reached skill level 1 in Short Blades
  1753 | D:3      | Reached skill level 1 in Stealth
  1753 | D:3      | Reached XP level 5. HP: 30/41 MP: 3/5
  1978 | D:3      | Reached skill level 1 in Dodging
  2212 | D:5      | Entered Level 5 of the Dungeon
  2231 | D:5      | Noticed Prince Ribbit
  2635 | D:4      | Gained mutation: You have a pair of small antennae on your
                  | head. [demonic ancestry]
  2635 | D:4      | Reached XP level 6. HP: 47/47 MP: 6/6
  2638 | D:5      | Noticed Edmund
  2910 | D:4      | Found a hazy altar of Hepliaklqana.
  3317 | D:4      | Killed Edmund
  3318 | D:4      | Gained mutation: You are mostly covered in large bone
                  | plates. (SH +6) [demonic ancestry]
  3318 | D:4      | Reached XP level 7. HP: 40/52 MP: 5/7
  3423 | D:5      | Identified a scroll of acquirement
  3423 | D:5      | Acquired a ring of poison resistance
  3517 | D:5      | Noticed BlasphemerAmon's ghost (weakling VSDe)
  3522 | D:6      | Noticed a wraith
  3602 | D:6      | HP: 1/52 [wraith (5)]
  3604 | D:6      | Killed a wraith
  4012 | D:5      | Killed Prince Ribbit
  4013 | D:5      | Gained mutation: When hurt, damage is shared between your
                  | health and your magic reserves. [demonic ancestry]
  4013 | D:5      | Reached XP level 8. HP: 31/60 MP: 8/8
  4028 | D:5      | Found a transporter.
  4065 | D:5      | Found a transporter.
  4338 | D:5      | Reached skill level 5 in Short Blades
  4652 | D:6      | Noticed Blork the orc
  4795 | D:6      | Noticed Duvessa
  4904 | D:7      | Noticed Jeffwins's ghost (novice HuWn)
  4904 | D:7      | Found a transporter.
  4906 | D:7      | Noticed a two-headed ogre
  4907 | D:7      | Found a transporter.
  5175 | D:6      | Reached skill level 5 in Shields
  5534 | D:6      | Killed Blork the orc
  5535 | D:6      | Reached skill level 5 in Armour
  5657 | D:6      | Noticed Dowan
  5736 | D:5      | Killed BlasphemerAmon's ghost
  5769 | D:6      | Noticed Eustachio
  5821 | D:6      | Killed Eustachio
  5822 | D:6      | Gained mutation: You have a pair of antennae on your head.
                  | [demonic ancestry]
  5822 | D:6      | Reached XP level 9. HP: 55/65 MP: 5/9
  5840 | D:6      | Killed Dowan
  5969 | D:5      | Killed Duvessa
  6112 | D:6      | Found a snail-covered altar of Cheibriados.
  6385 | D:6      | Identified the +6 war axe of War {protect, *Rage rC+
                  | Will+++}
  6527 | D:6      | Found Opseppun's Distillery.
  6603 | D:6      | Bought a potion of might for 52 gold pieces
  6709 | D:6      | Found an ancient bone altar of Kikubaaqudgha.
  6813 | D:7      | Noticed a gargoyle
  6908 | D:6      | Killed a gargoyle
  6909 | D:6      | Reached skill level 3 in Axes
  6969 | D:7      | Reached skill level 4 in Axes
  6972 | D:7      | Killed an unseen horror
  6980 | D:7      | Reached skill level 5 in Axes
  7097 | D:7      | Found an iron altar of Okawaru.
  7111 | D:7      | Became a worshipper of Warmaster Okawaru
  7211 | D:7      | Found a staircase to the Ecumenical Temple.
  7226 | Temple   | Entered the Ecumenical Temple
  7495 | D:8      | Noticed a cyclops
  7564 | D:7      | Upgraded the game from 0.31-a0-4-gefa6de2278 to
                  | 0.31-a0-7-g51783674b7
  7585 | D:8      | Reached skill level 6 in Axes
  7585 | D:8      | Reached XP level 10. HP: 73/73 MP: 10/10
  7594 | D:8      | Killed a cyclops
  7641 | D:8      | Reached skill level 5 in Fighting
  7642 | D:8      | Reached skill level 7 in Axes
  7652 | D:9      | Noticed Harold
  7661 | D:8      | Reached * piety under Okawaru
  7684 | D:9      | Killed Harold
  7691 | D:9      | Identified the +0 leather armour "Nepraukh" {rF++ Will+
                  | MP+9 Str-5}
  7717 | D:8      | Reached skill level 8 in Axes
  7722 | D:8      | Reached ** piety under Okawaru
  7766 | D:8      | Noticed a death yak
  7766 | D:8      | Noticed a death yak
  7766 | D:8      | Noticed a death yak
  7766 | D:8      | Noticed a death yak
  7766 | D:8      | Noticed a death yak
  7766 | D:8      | Found a staircase to the Lair.
  7766 | D:8      | Noticed a death yak
  7766 | D:8      | Noticed a death yak
  7770 | D:9      | HP: 1/76 [death yak (3)]
  7771 | D:9      | Slain by a death yak

Illustrated notes

Levels and vault maps discovered:
D:1:      dpeg_arrival_prison, layout_basic
D:2:      layout_basic, hellmonk_ecumenical_altar_dog_temple, serial_shops, shop
D:3:      layout_rooms, kennysheep_crisscross, corexii_leaking_fountain
D:4:      layout_rooms, old_standard_altar
D:5:      layout_loops_ring, elyvilon_altar_5, gammafunk_ghost_stat_death,
          uniq_edmund, uniq_prince_ribbit1
D:6:      layout_basic, mainiacjoe_overflow_catwalk, lemuel_crystal_altar,
          serial_shops, nicolae_inconvenience_store, lexackson_kobold_supper,
          uniq_eustachio, uniq_duvessa, uniq_blork_the_orc
D:7:      hangedman_cross_stitches, layout_loops_ring,
          hellmonk_okawaru_the_only_friend_you_need, minmay_temple_entry_ruins,
          gammafunk_ghost_smash
D:8:      layout_rooms, dpeg_lair_monsters, david_defended_altar_orc
D:9:      layout_loops_cross, uniq_harold
Temple:   nicolae_temple_bog_church

Skill      XL: |  1  2  3  4  5  6  7  8  9 10 |
---------------+-------------------------------+-----
Axes           | 2 6 8 |  8.8
Armour         | 3 4 5 |  5.8
Shields        | 3 4 5 6 |  6.7
Short Blades   | 1 3 4 5 6 |  6.1
Stealth        | 1 2 3 4 |  4.6
Dodging        | 1 2 3 |  3.0
Fighting       | 4 5 |  5.7
Throwing       | |  0.5
Evocations     | |  0.3

Action                     |  1- 3 |  4- 6 |  7- 9 | 10-12 || total
---------------------------+-------+-------+-------+-------++-------
  Melee: War axe           |   138 |    15 |    98 |    70 ||   321
         Quick blade       |       |   127 |       |       ||   127
         Dagger            |       |   145 |   637 |       ||   782
         Short sword       |       |       |    44 |       ||    44
  Throw: Dart              |     2 |     3 |     9 |       ||    14
  Evoke: Wand              |       |       |     5 |       ||     5
    Use: Potion            |     2 |     2 |     1 |     1 ||     6
         Scroll            |       |    12 |     8 |       ||    20
   Stab: Paralysed         |       |       |     1 |       ||     1
         Distracted        |       |       |     2 |       ||     2
 Armour: Scale mail        |    77 |    32 |   143 |       ||   252
         Plate armour      |       |       |    52 |    27 ||    79
  Dodge: Dodged            |    83 |   104 |   339 |    32 ||   558
  Block: Buckler           |    58 |    86 |   377 |    59 ||   580

Table legend: (Time is in decaauts)
 A = Elapsed time spent in this place.
 B = Non-inter-level travel time spent in this place.
 C = Inter-level travel time spent in this place.
 D = Time resting spent in this place.
 E = Time spent auto-exploring this place.
 F = Levels seen in this place.
 G = Mean time per level.
                   A        B        C        D        E       F      G
               +--------+--------+--------+--------+--------+-----+--------+
         Total |   7663 |   7518 |    145 |    790 |   3412 |  10 |  766.3 |
       Dungeon |   7635 |   7490 |    145 |    790 |   3412 |   9 |  848.3 |
        Temple |     28 |     28 |      0 |      0 |      0 |   1 |   28.0 |
               +--------+--------+--------+--------+--------+-----+--------+

Top non-repeatable levels by time:
     D:6: 2071 daAuts
     D:5: 1184 daAuts
     D:2: 1150 daAuts
     D:4: 788 daAuts
     D:7: 775 daAuts
     D:3: 738 daAuts
     D:1: 635 daAuts
     D:8: 174 daAuts
     D:9: 116 daAuts
  Temple: 28 daAuts
